 Dungeon Crawl Stone Soup version 0.29.0-4-gdea44cf6ec (webtiles) character file.

Game seed: 3658461413802196509

105387 qw the Warrior (level 15, -1/155 HPs)
             Began as a Minotaur Berserker on Sept 9, 2022.
             Was an Elder of Trog.
             Slain by a spark wasp (5 damage)
             ... on level 1 of the Spider Nest.
             The game lasted 00:10:14 (28937 turns).

qw the Warrior (Minotaur Berserker)                Turns: 28937, Time: 00:10:15

Health: -1/155     AC: 26    Str: 27    XL:     15   Next: 94%
Magic:  14/14      EV: 12    Int:  4    God:    Trog [****..]
Gold:   255        SH: 21    Dex: 10    Spells: 14/14 levels left

rFire   . . .      SeeInvis +   c - +2 broad axe (vorpal)
rCold   + . .      Faith    .   q - +0 tower shield
rNeg    + . .      Spirit   .   m - +2 plate armour {rPois}
rPois   +          Reflect  +   (helmet restricted)
rElec   +          Harm     .   n - +2 cloak
rCorr   .          Rampage  .   h - +0 pair of gloves of Nemelex Xobeh's Anger {rElec}
Will    +....      Clarity  +   k - +2 pair of boots of the Slug {rElec rF+}
Stlth   ..........              D - amulet of reflection
HPRegen 0.35/turn               A - ring "Atorpheo" {Ice rN+ SInv}
MPRegen 0.14/turn               i - +4 ring of evasion

@: on berserk cooldown
A: horns 2, retaliatory headbutt, clarity, weak 1
a: Renounce Religion, Berserk, Trog's Hand, Brothers in Arms


You were on level 1 of the Spider Nest.
You worshipped Trog.
Trog was greatly pleased with you.
You visited 4 branches of the dungeon, and saw 23 of its levels.
You also visited: Gauntlet.

You collected 2364 gold pieces.
You spent 2109 gold pieces at shops.


Innate Abilities, Weirdness & Mutations

You have a pair of horns on your head.
You reflexively headbutt those who attack you in melee.
You possess an exceptional clarity of mind.
You are weak. (Str -2)


   Skills:
 - Level 19.7 Fighting
 - Level 18.0 Axes
 - Level 9.0 Throwing
 - Level 13.0 Armour
 - Level 9.1 Dodging
 + Level 12.1 Shields


You had 14 spell levels left.
You didn't know any spells.
Your spell library was empty.

Inventory:

Hand Weapons
 c - a +2 vorpal broad axe (weapon)
 r - a +2 hand axe of flaming
Missiles
 x - 6 boomerangs (quivered)
Armour
 h - the +0 pair of gloves of Nemelex Xobeh's Anger (worn) {rElec}
   (You acquired it on level 2 of the Lair of Beasts)

   rElec:     It insulates you from electricity.
 k - the +2 pair of boots of the Slug (worn) {rElec rF+}
   (You found it in a Gauntlet)

   rF:        It protects you from fire.
   rElec:     It insulates you from electricity.
 m - a +2 plate armour of poison resistance (worn)
 n - a +2 cloak (worn)
 q - a +0 tower shield (worn)
 s - a +2 plate armour of positive energy
 t - the +6 scale mail of the Rose {rCorr Str+6}
   (You found it on level 4 of the Lair of Beasts)

   Str:       It affects your strength (+6).
   rCorr:     It protects you from acid and corrosion.
 y - a +2 chain mail of fire resistance
 z - a +2 plate armour of cold resistance
Jewellery
 i - a +4 ring of evasion (right hand)
 v - a ring of fire
 w - a ring of poison resistance
 A - the ring "Atorpheo" (left hand) {Ice rN+ SInv}
   (You bought it in a shop on level 2 of the Orcish Mines)

   [ring of ice]

   It enhances your ice magic.
   rF:        It makes you vulnerable to fire.
   rC:        It protects you from cold.
   rN:        It protects you from negative energy.
   SInv:      It lets you see invisible.
 B - a ring of poison resistance
 D - an amulet of reflection (around neck)
 Y - a +4 ring of protection
Wands
 j - a wand of digging (6)
Scrolls
 f - 17 scrolls of identify
Potions
 d - 3 potions of haste
 e - 13 potions of curing
 l - 2 potions of resistance
 o - 5 potions of mutation
 p - 7 potions of might

Dungeon Overview and Level Annotations

Branches:
Dungeon (15/15)            Temple (0/1) D:6            Lair (5/5) D:9
 Shoals (0/4) Lair:3       Spider (1/4) Lair:3        Slime (0/5) Lair:5
    Orc (2/2) D:11            Elf (0/3) Orc:2        Vaults (0/5) D:14
 Depths (0/4) D:15        Gauntlet (visited)

Altars:
Cheibriados
Elyvilon
Fedhas
Hepliaklqana
Kikubaaqudgha
Makhleb
Nemelex Xobeh
Okawaru
Qazlal
Sif Muna
Trog
Vehumet
Yredelemnul
The Shining One
Jiyva

Shops:
D:3 *[[   D:4 ?   Orc:1 =   Orc:2 *([=

Portals:
Hell: Lair:5

Annotations:
D:7 1 runed translucent door, Crazy Yiuf
D:10 1 transporter
D:15 2 transporters, qw's ghost, journeyman MiBe
Lair:1 2 runed translucent doors, qw's ghost, novice GrFi


Message History

You closely miss the tarantella.
Your surroundings suddenly seem different.
You start resting.
You are no longer corroded.
A culicivora comes into view.
The culicivora's many legs skitter faintly.
A spark wasp comes into view.
A redback comes into view.
The spark wasp moves out of view.
You block the culicivora's attack. x2
You barely miss the culicivora.
The spark wasp buzzes angrily.
You headbutt the culicivora!
The culicivora is heavily wounded.
You block the culicivora's attack.
You miss the culicivora. Your headbutt misses the culicivora.
The culicivora is heavily wounded.
The culicivora closely misses you.
You slash the culicivora!
The culicivora is almost dead.
You slash the redback! You block the culicivora's attack.
You block the redback's attack. The culicivora bites you.
You miss the culicivora.
The culicivora is almost dead.
You closely miss the redback. You block the redback's attack.
You block the culicivora's attack. You block the redback's attack.
You slash the culicivora!
You kill the culicivora!
Trog accepts your kill.
You closely miss the redback. The redback barely misses you.
You furiously retaliate!
You headbutt the redback. You carve the redback like a ham!!!
You kill the redback!
Trog accepts your kill.
You hit the spark wasp. The spark wasp stings you. The spark wasp shocks you.
You resist. The spark wasp stings you! The spark wasp shocks you. You resist.
You die...

....## #.#
^ #....#
#..B#
#....#
#..s
#....##
##..
#...#.##
###
###......#
#...#...##
#......##
##..@.##
##.y#.#
#...#.#
###
#.#...#
####<# ..
..#.
##...#.
#.. ..# .
#......
... #.. ..
#.......
##.. ..#
......#..
.#....#.#


You could see a spark wasp.

Vanquished Creatures
  A fire giant (D:15)
  2 orc warlords
  Louise (D:14)
  A dire elephant (Lair:5)
  A minotaur (Gauntlet)
  A yaktaur captain (D:15)
  2 ice dragons (D:15)
  7 hydras
  6 boulder beetles
  A death knight (D:14)
  3 catoblepae
  5 centaur warriors
  7 two-headed ogres
  7 death yaks (Lair:5)
  A deep troll earth mage (D:15)
  5 orc high priests (Orc:2)
  Urug (D:14)
  A sixfirhy (Lair:5)
  5 skeletal warriors (D:13)
  A pharaoh ant (Spider:1)
  A harpy (shapeshifter) (D:13)
  A wizard (Lair:5)
  Pikel (D:5)
  3 orc knights (D:15)
  5 deep elf pyromancers
  4 orc sorcerers (Orc:1)
  2 wolf spiders (Spider:1)
  2 oklob plants
  10 elephants
  3 slime creatures (D:14)
  9 ugly things
  2 manticores
  4 cyclopes
  5 black mambas
  2 molten gargoyles (Gauntlet)
  A torpor snail (Lair:4)
  4 gargoyles
  An orange demon (Lair:5)
  8 cane toads
  3 unseen horrors
  3 rime drakes
  A demonic crawler (Spider:1)
  A kobold demonologist (D:11)
  12 komodo dragons
  2 ice devils (Lair:5)
  A hellwing (Lair:5)
  2 red devils (Lair:5)
  A queen bee (Gauntlet)
  4 trolls
  A hornet (shapeshifter) (D:15)
  Grinder (D:3)
  3 polar bears
  A hornet (D:15)
  Prince Ribbit (D:6)
  27 blink frogs
  4 dream sheep (Lair:4)
  A snapping turtle (Lair:3)
  A centaur simulacrum (D:15)
  3 water elementals
  Sigmund (D:3)
  A shadow (D:12)
  A culicivora (Spider:1)
  2 jumping spiders (Spider:1)
  2 wyverns
  3 wraiths
  40 yaks
  15 humans (D:14)
  A steam dragon (D:8)
  5 redbacks (Spider:1)
  2 vampire mosquitoes (D:11)
  6 basilisks
  7 wargs
  14 water moccasins
  6 acid dragons
  4 hell hounds (Lair:5)
  Pargi (D:3)
  34 orc warriors
  4 black bears
  3 ice beasts
  8 wolves
  5 ogres
  6 boggarts (D:14)
  8 centaurs
  2 phantoms
  4 lemures (D:4)
  A kobold brigand (D:8)
  13 bullfrogs
  3 gnoll sergeants
  A necrophage (D:6)
  7 scorpions
  6 wights
  11 killer bees
  3 electric eels
  2 howler monkeys (D:9)
  4 jellies
  2 hounds
  13 orc priests
  2 gnoll boudas (D:7)
  Terence (D:3)
  3 iguanas
  Ijyb (D:3)
  28 orc wizards
  Robin (D:2)
  16 adders
  24 gnolls
  2 white imps (D:7)
  2 ufetubi (D:4)
  4 worms
  2 dart slugs (D:3)
  101 orcs
  8 ball pythons
  11 endoplasms
  5 giant cockroaches
  16 goblins
  10 hobgoblins
  4 quokkas
  6 bats
  4 frilled lizards
  11 kobolds
  2 rats
  A spectral hobgoblin (D:2)
716 creatures vanquished.

Vanquished Creatures (collateral kills)
  2 hydras
  A centaur warrior (D:15)
  Erolcha (D:12)
  An orc high priest (Orc:2)
  An orc knight (Orc:2)
  An orc sorcerer (Orc:2)
  An oklob plant (Lair:4)
  A demonic crawler (Spider:1)
  4 orc warriors (Orc:2)
  2 ogres (Orc:2)
  A centaur (D:15)
  A bullfrog (Lair:4)
  An orc priest (Orc:1)
  An orc (Orc:1)
  2 bushes (Lair:4)
21 creatures vanquished.

Vanquished Creatures (others)
  An orc high priest (Orc:2)
  A human (D:14)
  2 orc wizards
  43 fungi
  55 plants
102 creatures vanquished.

Grand Total: 839 creatures vanquished

Notes
Turn   | Place    | Note
-------+----------+-------------------------------------------
     0 | D:1      | qw the Minotaur Berserker began the quest for the Orb.
     0 | D:1      | Reached XP level 1. HP: 19/19 MP: 0/0
     0 | D:1      | 0 ||| qw: Version: 0.1-a-113-g051387a
     0 | D:1      | 0 ||| qw: Game counter: 7310
     0 | D:1      | 0 ||| qw: Always use a shield: true
     0 | D:1      | 0 ||| qw: Do Orc after D:15 true
     0 | D:1      | 0 ||| qw: Do second Lair branch before Depths: true
     0 | D:1      | 0 ||| qw: Lair rune preference: random
     0 | D:1      | 0 ||| qw: Plans: Normal
     0 | D:1      | 0 ||| PLANNING D:1-11
   291 | D:1      | Reached XP level 2. HP: 25/26 MP: 1/1
   554 | D:1      | 554 ||| Stepping ~*~*~tactically~*~*~ (stealth).
   682 | D:1      | 682 ||| DROPPING +0 club.
  1018 | D:1      | 1018 ||| UPGRADING to +0 chain mail.
  1028 | D:1      | 1028 ||| DROPPING +0 animal skin.
  1029 | D:1      | 1029 ||| READING scroll labelled RENGIR VOXKY.
  1030 | D:1      | 1030 ||| READING 4 scrolls labelled ENAJENAXKOI.
  1031 | D:1      | 1031 ||| READING scroll labelled JUAMICZALA.
  1032 | D:1      | 1032 ||| READING 3 scrolls of identify.
  1032 | D:1      | 1032 ||| IDENTIFYING puce potion
  1033 | D:1      | 1033 ||| Stepping randomly (stuck).
  1034 | D:1      | 1034 ||| Stepping ~*~*~tactically~*~*~ (cloud).
  1041 | D:1      | HP: 6/26 [poisoned by you (poison gas)]
  1353 | D:2      | Found a blossoming altar of Fedhas.
  1386 | D:2      | Noticed Robin
  1400 | D:2      | 1400 ||| INVOKING Berserk.
  1402 | D:2      | Reached XP level 3. HP: 16/31 MP: 2/2
  1409 | D:2      | Killed Robin
  1845 | D:2      | Found a faded altar of an unknown god.
  1961 | D:2      | Reached ** piety under Trog
  1962 | D:2      | Reached skill level 6 in Axes
  1962 | D:2      | Reached XP level 4. HP: 39/39 MP: 3/3
  1980 | D:2      | 1980 ||| Stepping ~*~*~tactically~*~*~ (stealth).
  1984 | D:2      | 1984 ||| Stepping ~*~*~tactically~*~*~ (stealth).
  2165 | D:2      | 2165 ||| UPGRADING to +0 pair of boots.
  2200 | D:3      | Noticed Sigmund
  2201 | D:3      | 2201 ||| INVOKING Berserk.
  2204 | D:3      | Killed Sigmund
  2205 | D:3      | Reached XP level 5. HP: 45/45 MP: 4/4
  2306 | D:3      | Noticed Pargi
  2325 | D:3      | 2325 ||| INVOKING Berserk.
  2334 | D:3      | Killed Pargi
  2335 | D:3      | Reached skill level 4 in Fighting
  2335 | D:3      | Reached XP level 6. HP: 29/55 MP: 5/5
  2396 | D:3      | 2396 ||| Stepping ~*~*~tactically~*~*~ (stealth).
  2525 | D:3      | 2525 ||| Stepping ~*~*~tactically~*~*~ (hiding).
  2541 | D:3      | 2541 ||| Stepping ~*~*~tactically~*~*~ (hiding).
  2642 | D:3      | Noticed Grinder
  2643 | D:3      | 2643 ||| Stepping ~*~*~tactically~*~*~ (hiding).
  2644 | D:3      | 2644 ||| Stepping ~*~*~tactically~*~*~ (hiding).
  2649 | D:3      | 2649 ||| INVOKING Trog's Hand.
  2651 | D:3      | 2651 ||| INVOKING Berserk.
  2655 | D:3      | Killed Grinder
  2656 | D:3      | Reached skill level 9 in Axes
  2656 | D:3      | Reached XP level 7. HP: 60/60 MP: 6/6
  2688 | D:3      | 2688 ||| Stepping ~*~*~tactically~*~*~ (stealth).
  2797 | D:3      | Found Wewyfetho's Armour Emporium.
  2815 | D:3      | 2815 ||| SHOPLISTING +0 pair of gloves (58 gold, have 53).
  2815 | D:3      | 2815 ||| SHOPLISTING +0 plate armour (299 gold, have 53).
  2815 | D:3      | 2815 ||| SHOPLISTING +1 cloak of Dice, Bag, and Bottle
                  | {Will- Dex+7} (351 gold, have 53).
  2819 | D:3      | Found Icras's Armour Shop.
  2823 | D:3      | 2823 ||| SHOPLISTING +1 chain mail of the Maze {rCorr SInv}
                  | (341 gold, have 53).
  2856 | D:3      | Noticed Ijyb
  2859 | D:3      | 2859 ||| INVOKING Berserk.
  2865 | D:3      | Killed Ijyb
  2900 | D:3      | 2900 ||| FLEEEEING.
  2901 | D:3      | 2901 ||| FLEEEEING.
  2902 | D:3      | 2902 ||| FLEEEEING.
  3140 | D:3      | Found Vubby's General Store.
  3147 | D:3      | 3147 ||| BUYING potion of curing (30 gold).
  3147 | D:3      | Bought a potion of curing for 30 gold pieces
  3147 | D:3      | 3147 ||| SHOPLISTING potion of haste (100 gold, have 35).
  3204 | D:3      | Noticed Terence
  3207 | D:3      | 3207 ||| INVOKING Berserk.
  3210 | D:3      | Killed Terence
  3211 | D:3      | Reached skill level 3 in Armour
  3317 | D:3      | 3317 ||| SWAPPING to +1 vorpal hand axe.
  3318 | D:3      | 3318 ||| DROPPING +0 hand axe.
  3551 | D:3      | 3551 ||| READING scroll labelled ERCHYM QUNTE.
  3552 | D:3      | 3552 ||| READING scroll labelled CUGROO YBEE.
  3553 | D:3      | 3553 ||| READING 3 scrolls of identify.
  3553 | D:3      | 3553 ||| IDENTIFYING fuming clear potion
  3554 | D:3      | 3554 ||| READING 2 scrolls of identify.
  3554 | D:3      | 3554 ||| IDENTIFYING sapphire potion
  3555 | D:3      | 3555 ||| DROPPING potion of brilliance.
  3606 | D:4      | Reached skill level 5 in Fighting
  3719 | D:4      | Found Liatenki's Magic Scroll Emporium.
  3722 | D:4      | 3722 ||| BUYING scroll of identify (28 gold).
  3722 | D:4      | Bought a scroll of identify for 28 gold pieces
  3722 | D:4      | 3722 ||| BUYING scroll of identify (28 gold).
  3722 | D:4      | Bought a scroll of identify for 28 gold pieces
  3764 | D:4      | 3764 ||| Stepping ~*~*~tactically~*~*~ (stealth).
  3771 | D:4      | 3771 ||| Stepping ~*~*~tactically~*~*~ (stealth).
  3784 | D:4      | 3784 ||| Stepping ~*~*~tactically~*~*~ (stealth).
  3785 | D:4      | 3785 ||| Stepping ~*~*~tactically~*~*~ (stealth).
  3787 | D:4      | 3787 ||| Stepping ~*~*~tactically~*~*~ (stealth).
  3812 | D:4      | 3812 ||| Stepping ~*~*~tactically~*~*~ (stealth).
  3816 | D:4      | 3816 ||| FLEEEEING.
  3817 | D:4      | 3817 ||| FLEEEEING.
  3818 | D:4      | 3818 ||| FLEEEEING.
  3819 | D:4      | 3819 ||| FLEEEEING.
  3821 | D:4      | 3821 ||| FLEEEEING.
  3822 | D:4      | 3822 ||| FLEEEEING.
  3823 | D:4      | 3823 ||| FLEEEEING.
  3824 | D:4      | 3824 ||| FLEEEEING.
  3825 | D:4      | 3825 ||| FLEEEEING.
  3826 | D:4      | 3826 ||| FLEEEEING.
  3827 | D:4      | 3827 ||| FLEEEEING.
  3828 | D:4      | 3828 ||| FLEEEEING.
  3829 | D:4      | 3829 ||| STAIRDANCE
  3936 | D:3      | 3936 ||| READING scroll labelled IGAKHI SIZO.
  3985 | D:4      | 3985 ||| Stepping ~*~*~tactically~*~*~ (stealth).
  4110 | D:4      | 4110 ||| INVOKING Berserk.
  4135 | D:4      | Reached *** piety under Trog
  4318 | D:4      | 4318 ||| DROPPING +0 whip.
  4325 | D:4      | 4325 ||| SWAPPING to +0 war axe.
  4326 | D:4      | 4326 ||| DROPPING +1 vorpal hand axe.
  4599 | D:4      | 4599 ||| Stepping ~*~*~tactically~*~*~ (stealth).
  4664 | D:4      | 4664 ||| Stepping ~*~*~tactically~*~*~ (stealth).
  4667 | D:4      | 4667 ||| Stepping ~*~*~tactically~*~*~ (stealth).
  4770 | D:4      | 4770 ||| UPGRADING to +1 cloak.
  4775 | D:4      | 4775 ||| UPGRADING to +6 ring of dexterity.
  4776 | D:4      | 4776 ||| DRINKING 3 fizzy white potions.
  4777 | D:4      | 4777 ||| DRINKING 2 smoky brown potions.
  4777 | D:4      | Gained mutation: You possess an exceptional clarity of
                  | mind. [potion of mutation]
  4777 | D:4      | Gained mutation: You are weak. (Str -2) [potion of
                  | mutation]
  4778 | D:4      | 4778 ||| READING 5 scrolls of identify.
  4778 | D:4      | 4778 ||| IDENTIFYING amethyst potion
  4779 | D:4      | 4779 ||| DROPPING potion of flight.
  4780 | D:4      | 4780 ||| DROPPING 2 potions of magic.
  4802 | D:5      | Entered Level 5 of the Dungeon
  4811 | D:5      | 4811 ||| Stepping ~*~*~tactically~*~*~ (hiding).
  4813 | D:5      | 4813 ||| Stepping ~*~*~tactically~*~*~ (hiding).
  4816 | D:5      | 4816 ||| Stepping ~*~*~tactically~*~*~ (hiding).
  4821 | D:5      | 4821 ||| INVOKING Berserk.
  4825 | D:5      | Reached skill level 1 in Throwing
  4839 | D:5      | 4839 ||| Stepping ~*~*~tactically~*~*~ (stealth).
  4971 | D:5      | 4971 ||| Stepping ~*~*~tactically~*~*~ (stealth).
  5194 | D:5      | Found a basalt altar of Yredelemnul.
  5251 | D:5      | 5251 ||| FLEEEEING.
  5257 | D:5      | 5257 ||| FLEEEEING.
  5258 | D:5      | 5258 ||| STAIRDANCE
  5360 | D:4      | 5360 ||| READING scroll labelled GIRIESAUVU.
  5367 | D:5      | 5367 ||| STAIRDANCE
  5404 | D:5      | 5404 ||| STAIRDANCE
  5436 | D:5      | 5436 ||| STAIRDANCE
  5441 | D:4      | Reached XP level 8. HP: 68/70 MP: 7/7
  5453 | D:5      | 5453 ||| STAIRDANCE
  5453 | D:5      | Noticed Pikel
  5504 | D:5      | 5504 ||| STAIRDANCE
  5511 | D:5      | 5511 ||| STAIRDANCE
  5578 | D:4      | 5578 ||| Stepping ~*~*~tactically~*~*~ (stealth).
  5580 | D:4      | 5580 ||| Stepping ~*~*~tactically~*~*~ (stealth).
  5644 | D:5      | 5644 ||| INVOKING Berserk.
  5655 | D:5      | Killed Pikel
  5656 | D:5      | Reached skill level 8 in Fighting
  5707 | D:5      | 5707 ||| DROPPING +1 whip of draining.
  5854 | D:5      | 5854 ||| READING scroll of enchant weapon.
  5854 | D:5      | 5854 ||| ENCHANTING +1 war axe.
  6286 | D:5      | 6286 ||| Stepping ~*~*~tactically~*~*~ (stealth).
  6287 | D:5      | 6287 ||| Stepping ~*~*~tactically~*~*~ (stealth).
  6348 | D:5      | 6348 ||| UPGRADING to +4 ring of evasion.
  6349 | D:5      | 6349 ||| READING 5 scrolls of identify.
  6349 | D:5      | 6349 ||| IDENTIFYING bubbling sapphire potion
  6350 | D:5      | 6350 ||| READING 4 scrolls of identify.
  6350 | D:5      | 6350 ||| IDENTIFYING metallic orange potion
  6351 | D:5      | 6351 ||| DROPPING potion of ambrosia.
  6390 | D:6      | 6390 ||| PLANNING OSSUARY
  6391 | D:6      | 6391 ||| Stepping randomly (disturbance).
  6393 | D:6      | 6393 ||| Stepping ~*~*~tactically~*~*~ (stealth).
  6449 | D:6      | HP: 16/75 [something (6)]
  6450 | D:6      | HP: 7/75 [something (9)]
  6457 | D:6      | Killed an unseen horror
  6458 | D:6      | Reached XP level 9. HP: 8/82 MP: 8/8
  6800 | D:6      | Reached skill level 3 in Dodging
  6840 | D:6      | 6840 ||| DROPPING +2 whip of flaming.
  6853 | D:6      | Found a staircase to the Ecumenical Temple.
  6934 | D:6      | Found an ancient bone altar of Kikubaaqudgha.
  6979 | D:6      | Found a shimmering blue altar of Sif Muna.
  7010 | D:6      | 7010 ||| Stepping ~*~*~tactically~*~*~ (hiding).
  7012 | D:6      | 7012 ||| Stepping ~*~*~tactically~*~*~ (hiding).
  7042 | D:6      | 7042 ||| RIP OSSUARY
  7119 | D:6      | 7119 ||| PLANNING D:1-11
  7133 | D:6      | Reached skill level 12 in Axes
  7141 | D:6      | Noticed Prince Ribbit
  7144 | D:6      | 7144 ||| INVOKING Berserk.
  7149 | D:6      | Killed Prince Ribbit
  7354 | D:6      | 7354 ||| INVOKING Berserk.
  7489 | D:6      | 7489 ||| Stepping ~*~*~tactically~*~*~ (stealth).
  7490 | D:6      | 7490 ||| Stepping ~*~*~tactically~*~*~ (stealth).
  7492 | D:6      | 7492 ||| Stepping ~*~*~tactically~*~*~ (stealth).
  7496 | D:6      | 7496 ||| Stepping ~*~*~tactically~*~*~ (stealth).
  7498 | D:6      | 7498 ||| Stepping ~*~*~tactically~*~*~ (stealth).
  7499 | D:6      | 7499 ||| Stepping ~*~*~tactically~*~*~ (stealth).
  7500 | D:6      | 7500 ||| FLEEEEING.
  7501 | D:6      | 7501 ||| FLEEEEING.
  7503 | D:6      | 7503 ||| FLEEEEING.
  7504 | D:6      | 7504 ||| FLEEEEING.
  7507 | D:6      | 7507 ||| Stepping ~*~*~tactically~*~*~ (hiding).
  7769 | D:6      | 7769 ||| UPGRADING to +4 ring of protection.
  7771 | D:6      | 7771 ||| DROPPING +6 ring of dexterity.
  7772 | D:6      | 7772 ||| READING scroll labelled BIJUNK JENLE.
  7773 | D:6      | 7773 ||| READING 5 scrolls of identify.
  7773 | D:6      | 7773 ||| IDENTIFYING golden potion
  7803 | D:7      | 7803 ||| STAIRDANCE
  7807 | D:7      | 7807 ||| STAIRDANCE
  7850 | D:7      | 7850 ||| STAIRDANCE
  7852 | D:6      | 7852 ||| INVOKING Berserk.
  8099 | D:7      | 8099 ||| INVOKING Berserk.
  8274 | D:7      | 8274 ||| Stepping ~*~*~tactically~*~*~ (stealth).
  8286 | D:7      | Reached **** piety under Trog
  8405 | D:7      | 8405 ||| Stepping ~*~*~tactically~*~*~ (stealth).
  8429 | D:7      | 8429 ||| Stepping ~*~*~tactically~*~*~ (hiding).
  8435 | D:7      | 8435 ||| INVOKING Berserk.
  8811 | D:7      | 8811 ||| Stepping ~*~*~tactically~*~*~ (hiding).
  8812 | D:7      | 8812 ||| Stepping ~*~*~tactically~*~*~ (hiding).
  8814 | D:7      | 8814 ||| Stepping ~*~*~tactically~*~*~ (hiding).
  8874 | D:7      | Found a runed translucent door.
  8875 | D:7      | Noticed Crazy Yiuf
  9397 | D:7      | 9397 ||| DROPPING ring of ice.
  9398 | D:7      | 9398 ||| READING scroll labelled CETAAMP FEHY.
  9399 | D:7      | 9399 ||| READING 5 scrolls of identify.
  9399 | D:7      | 9399 ||| IDENTIFYING coppery potion
  9400 | D:7      | 9400 ||| READING 4 scrolls of identify.
  9400 | D:7      | 9400 ||| IDENTIFYING smoky silvery potion
  9401 | D:7      | 9401 ||| DROPPING potion of attraction.
  9402 | D:7      | 9402 ||| DROPPING potion of lignification.
  9546 | D:8      | 9546 ||| INVOKING Berserk.
  9555 | D:8      | Reached skill level 6 in Armour
  9555 | D:8      | Reached XP level 10. HP: 90/90 MP: 9/9
  9562 | D:8      | Reached ***** piety under Trog
  9669 | D:8      | 9669 ||| DROPPING +1 flail of protection.
  9672 | D:8      | 9672 ||| SWAPPING to +2 vampiric hand axe.
  9673 | D:8      | 9673 ||| DROPPING +2 war axe.
  9805 | D:8      | Reached skill level 9 in Fighting
  9934 | D:8      | 9934 ||| Stepping ~*~*~tactically~*~*~ (hiding).
  9938 | D:8      | 9938 ||| INVOKING Berserk.
 10103 | D:8      | 10103 ||| Stepping ~*~*~tactically~*~*~ (stealth).
 10276 | D:8      | 10276 ||| Stepping ~*~*~tactically~*~*~ (stealth).
 10300 | D:8      | 10300 ||| DROPPING +0 ring mail of fire resistance.
 10301 | D:8      | 10301 ||| UPGRADING to +0 plate armour.
 10311 | D:8      | 10311 ||| DROPPING +0 chain mail.
 10312 | D:8      | 10312 ||| UPGRADING to amulet of regeneration.
 10317 | D:8      | 10317 ||| READING 7 scrolls of identify.
 10317 | D:8      | 10317 ||| IDENTIFYING blue potion
 10318 | D:8      | 10318 ||| READING 6 scrolls of identify.
 10318 | D:8      | 10318 ||| IDENTIFYING orange potion
 10319 | D:8      | 10319 ||| DROPPING potion of degeneration.
 10347 | D:9      | Noticed a two-headed ogre
 10351 | D:9      | 10351 ||| INVOKING Berserk.
 10354 | D:9      | Killed a two-headed ogre
 10483 | D:9      | Noticed a two-headed ogre
 10484 | D:9      | 10484 ||| INVOKING Berserk.
 10490 | D:9      | Killed a two-headed ogre
 10491 | D:9      | Reached skill level 9 in Armour
 10520 | D:9      | 10520 ||| FLEEEEING.
 10521 | D:9      | 10521 ||| FLEEEEING.
 10522 | D:9      | 10522 ||| FLEEEEING.
 10523 | D:9      | 10523 ||| FLEEEEING.
 10524 | D:9      | 10524 ||| FLEEEEING.
 10525 | D:9      | 10525 ||| FLEEEEING.
 10526 | D:9      | 10526 ||| FLEEEEING.
 10527 | D:9      | 10527 ||| FLEEEEING.
 10528 | D:9      | 10528 ||| FLEEEEING.
 10529 | D:9      | 10529 ||| FLEEEEING.
 10530 | D:9      | 10530 ||| FLEEEEING.
 10531 | D:9      | 10531 ||| FLEEEEING.
 10532 | D:9      | 10532 ||| FLEEEEING.
 10620 | D:9      | Found a staircase to the Lair.
 10621 | D:9      | 10621 ||| INVOKING Berserk.
 10652 | D:9      | 10652 ||| Stepping ~*~*~tactically~*~*~ (stealth).
 10811 | D:9      | Found a white marble altar of Elyvilon.
 10832 | D:9      | Noticed a two-headed ogre
 10834 | D:9      | Reached skill level 10 in Fighting
 10837 | D:9      | 10837 ||| INVOKING Berserk.
 10841 | D:9      | Killed a two-headed ogre
 10859 | D:9      | 10859 ||| Stepping ~*~*~tactically~*~*~ (hiding).
 10863 | D:9      | 10863 ||| INVOKING Brothers in Arms.
 10864 | D:9      | 10864 ||| INVOKING Brothers in Arms.
 10987 | D:9      | 10987 ||| SWAPPING to +0 broad axe.
 10988 | D:9      | 10988 ||| DROPPING +2 vampiric hand axe.
 11075 | D:9      | 11075 ||| Stepping ~*~*~tactically~*~*~ (stealth).
 11076 | D:9      | 11076 ||| Stepping ~*~*~tactically~*~*~ (stealth).
 11077 | D:9      | 11077 ||| Stepping ~*~*~tactically~*~*~ (stealth).
 11083 | D:9      | Noticed a two-headed ogre
 11087 | D:9      | 11087 ||| INVOKING Berserk.
 11088 | D:9      | Killed a two-headed ogre
 11089 | D:9      | Reached XP level 11. HP: 101/101 MP: 10/10
 11246 | D:9      | Found a snail-covered altar of Cheibriados.
 11247 | D:9      | Found an iron altar of Okawaru.
 11247 | D:9      | Found a hazy altar of Hepliaklqana.
 11248 | D:9      | Found a glowing golden altar of the Shining One.
 11251 | D:9      | Found a stormy altar of Qazlal.
 11447 | D:9      | 11447 ||| PLANNING LAIR
 11447 | D:9      | 11447 ||| DROPPING amulet of magic regeneration.
 11448 | D:9      | 11448 ||| READING scroll labelled TANEAVV NEASH.
 11449 | D:9      | 11449 ||| READING scroll labelled KOLES DEOM.
 11500 | Lair:1   | Entered Level 1 of the Lair of Beasts
 11514 | Lair:1   | 11514 ||| INVOKING Berserk.
 11637 | Lair:1   | You fall into a shaft and drop 1 floor!
 11697 | Lair:2   | 11697 ||| READING scroll labelled ROT GEOFUQA.
 11697 | Lair:2   | Identified a scroll of acquirement
 11697 | Lair:2   | 11697 ||| ACQUIRING +0 pair of gloves of Nemelex Xobeh's
                  | Anger {rElec}
 11697 | Lair:2   | Acquired the +0 pair of gloves of Nemelex Xobeh's Anger
                  | {rElec}
 11699 | Lair:2   | 11699 ||| UPGRADING to +0 pair of gloves of Nemelex Xobeh's
                  | Anger {rElec}.
 11717 | Lair:1   | 11717 ||| INVOKING Berserk.
 11722 | Lair:1   | Reached skill level 15 in Axes
 11845 | Lair:1   | 11845 ||| INVOKING Berserk.
 12001 | Lair:1   | 12001 ||| INVOKING Berserk.
 12144 | Lair:1   | Noticed a catoblepas
 12147 | Lair:1   | 12147 ||| INVOKING Berserk.
 12154 | Lair:1   | Killed a catoblepas
 12272 | Lair:1   | Found a large runed translucent door.
 12272 | Lair:1   | Found a large runed translucent door.
 12276 | Lair:1   | Noticed qw's ghost (novice GrFi)
 12300 | Lair:1   | 12300 ||| Stepping ~*~*~tactically~*~*~ (stealth).
 12302 | Lair:1   | 12302 ||| Stepping ~*~*~tactically~*~*~ (stealth).
 12304 | Lair:1   | 12304 ||| Stepping ~*~*~tactically~*~*~ (stealth).
 12327 | Lair:1   | 12327 ||| Stepping ~*~*~tactically~*~*~ (stealth).
 12328 | Lair:1   | 12328 ||| Stepping ~*~*~tactically~*~*~ (stealth).
 12454 | Lair:1   | 12454 ||| INVOKING Berserk.
 12591 | Lair:1   | Noticed a seven-headed hydra
 12592 | Lair:1   | 12592 ||| INVOKING Brothers in Arms.
 12593 | Lair:1   | 12593 ||| INVOKING Brothers in Arms.
 12595 | Lair:1   | 12595 ||| SWAPPING to +2 hand axe of flaming.
 12596 | Lair:1   | 12596 ||| INVOKING Berserk.
 12600 | Lair:1   | Killed a four-headed hydra
 12609 | Lair:1   | 12609 ||| SWAPPING to +0 broad axe of protection.
 13005 | Lair:1   | 13005 ||| READING 6 scrolls of identify.
 13005 | Lair:1   | 13005 ||| IDENTIFYING bubbling clear potion
 13006 | Lair:1   | 13006 ||| DROPPING potion of berserk rage.
 13182 | Lair:2   | 13182 ||| READING scroll of enchant armour.
 13182 | Lair:2   | 13182 ||| ENCHANTING +0 pair of boots.
 13211 | Lair:2   | 13211 ||| INVOKING Berserk.
 13624 | Lair:2   | 13624 ||| INVOKING Berserk.
 13796 | Lair:2   | 13796 ||| INVOKING Berserk.
 13914 | Lair:2   | 13914 ||| Stepping ~*~*~tactically~*~*~ (stealth).
 13941 | Lair:2   | Reached XP level 12. HP: 101/107 MP: 11/11
 14106 | Lair:2   | 14106 ||| DROPPING amulet of guardian spirit.
 14107 | Lair:2   | 14107 ||| READING scroll labelled SIROLENOHOA.
 14139 | Lair:3   | 14139 ||| PLANNING GAUNTLET
 14254 | Lair:3   | 14254 ||| Stepping ~*~*~tactically~*~*~ (stealth).
 14260 | Lair:3   | Reached skill level 18 in Axes
 14285 | Lair:3   | Found a gate leading to a gauntlet.
 14295 | Gauntlet | Entered a Gauntlet
 14295 | Gauntlet | Found a transporter.
 14304 | Gauntlet | Found a transporter.
 14319 | Gauntlet | Found a transporter.
 14321 | Gauntlet | Noticed a catoblepas
 14324 | Gauntlet | Found a transporter.
 14341 | Gauntlet | Found a transporter.
 14358 | Gauntlet | Found a transporter.
 14370 | Gauntlet | Found a transporter.
 14382 | Gauntlet | Found a transporter.
 14394 | Gauntlet | Found a transporter.
 14397 | Gauntlet | Noticed a quicksilver ooze
 14406 | Gauntlet | Found a transporter.
 14423 | Gauntlet | Found a transporter.
 14440 | Gauntlet | Found a transporter.
 14442 | Gauntlet | Found a transporter.
 14467 | Gauntlet | Found a transporter.
 14469 | Gauntlet | Found a transporter.
 14471 | Gauntlet | Found a transporter.
 14499 | Gauntlet | Found a transporter.
 14501 | Gauntlet | Found a transporter.
 14706 | Gauntlet | 14706 ||| INVOKING Berserk.
 14843 | Gauntlet | 14843 ||| Stepping randomly (stuck).
 14847 | Gauntlet | Reached skill level 11 in Fighting
 14847 | Gauntlet | 14847 ||| Stepping randomly (stuck).
 14848 | Gauntlet | 14848 ||| INVOKING Berserk.
 15028 | Gauntlet | 15028 ||| INVOKING Berserk.
 15034 | Gauntlet | Killed a catoblepas
 15182 | Gauntlet | Identified the +2 pair of boots of the Slug {rElec rF+}
 15187 | Gauntlet | 15187 ||| UPGRADING to +2 pair of boots of the Slug {rElec
                  | rF+}.
 15197 | Gauntlet | 15197 ||| DROPPING +1 pair of boots.
 15244 | Gauntlet | Noticed a minotaur
 15245 | Gauntlet | 15245 ||| Stepping ~*~*~tactically~*~*~ (stealth).
 15246 | Gauntlet | 15246 ||| Stepping ~*~*~tactically~*~*~ (stealth).
 15248 | Gauntlet | 15248 ||| INVOKING Berserk.
 15252 | Gauntlet | Killed a minotaur
 15397 | Lair:3   | 15397 ||| PLANNING LAIR
 15543 | Lair:3   | Found a hole to the Spider Nest.
 15570 | Lair:3   | 15570 ||| FLEEEEING.
 15707 | Lair:3   | 15707 ||| READING scroll of enchant armour.
 15707 | Lair:3   | 15707 ||| ENCHANTING +1 cloak.
 15713 | Lair:3   | 15713 ||| INVOKING Berserk.
 15925 | Lair:3   | Found a staircase to the Shoals.
 16033 | Lair:3   | 16033 ||| Stepping ~*~*~tactically~*~*~ (stealth).
 16034 | Lair:3   | 16034 ||| Stepping ~*~*~tactically~*~*~ (stealth).
 16036 | Lair:3   | 16036 ||| Stepping ~*~*~tactically~*~*~ (stealth).
 16037 | Lair:3   | 16037 ||| INVOKING Berserk.
 16240 | Lair:3   | 16240 ||| Stepping ~*~*~tactically~*~*~ (stealth).
 16241 | Lair:3   | 16241 ||| Stepping ~*~*~tactically~*~*~ (stealth).
 16242 | Lair:3   | 16242 ||| Stepping ~*~*~tactically~*~*~ (stealth).
 16243 | Lair:3   | 16243 ||| Stepping ~*~*~tactically~*~*~ (stealth).
 16247 | Lair:3   | 16247 ||| INVOKING Berserk.
 16358 | Lair:3   | 16358 ||| READING scroll of brand weapon.
 16358 | Lair:3   | 16358 ||| BRANDING +0 broad axe of protection.
 16528 | Lair:4   | Reached skill level 12 in Fighting
 16554 | Lair:4   | 16554 ||| INVOKING Berserk.
 16570 | Lair:4   | Reached skill level 12 in Armour
 16583 | Lair:4   | 16583 ||| READING 3 scrolls of teleportation.
 16584 | Lair:4   | HP: 12/112 [oklob plant/splash of acid (20)]
 16585 | Lair:4   | 16585 ||| DRINKING 3 potions of heal wounds.
 16586 | Lair:4   | 16586 ||| DRINKING potion of cancellation.
 16594 | Lair:4   | 16594 ||| FLEEEEING.
 16595 | Lair:4   | 16595 ||| FLEEEEING.
 16596 | Lair:4   | 16596 ||| FLEEEEING.
 16597 | Lair:4   | 16597 ||| FLEEEEING.
 16598 | Lair:4   | 16598 ||| FLEEEEING.
 16599 | Lair:4   | 16599 ||| FLEEEEING.
 16600 | Lair:4   | 16600 ||| Stepping ~*~*~tactically~*~*~ (stealth).
 16601 | Lair:4   | 16601 ||| FLEEEEING.
 16602 | Lair:4   | 16602 ||| Stepping ~*~*~tactically~*~*~ (stealth).
 16620 | Lair:4   | 16620 ||| FLEEEEING.
 16624 | Lair:4   | 16624 ||| INVOKING Berserk.
 16628 | Lair:4   | Reached skill level 13 in Fighting
 16655 | Lair:4   | 16655 ||| Stepping ~*~*~tactically~*~*~ (stealth).
 16662 | Lair:4   | 16662 ||| Stepping ~*~*~tactically~*~*~ (stealth).
 16725 | Lair:4   | 16725 ||| INVOKING Berserk.
 16850 | Lair:4   | 16850 ||| INVOKING Brothers in Arms.
 16851 | Lair:4   | Identified the +5 quarterstaff of Xom's Respect {vorpal,
                  | Int+3}
 16852 | Lair:4   | 16852 ||| INVOKING Berserk.
 17014 | Lair:4   | Identified the +6 scale mail of the Rose {rCorr Str+6}
 17084 | Lair:4   | 17084 ||| INVOKING Berserk.
 17091 | Lair:4   | Reached XP level 13. HP: 122/122 MP: 12/12
 17422 | Lair:4   | 17422 ||| INVOKING Brothers in Arms.
 17423 | Lair:4   | 17423 ||| INVOKING Brothers in Arms.
 17424 | Lair:4   | 17424 ||| SWAPPING to +2 hand axe of flaming.
 17425 | Lair:4   | 17425 ||| INVOKING Berserk.
 17438 | Lair:4   | 17438 ||| SWAPPING to +0 vorpal broad axe.
 17696 | Lair:4   | 17696 ||| INVOKING Brothers in Arms.
 17697 | Lair:4   | 17697 ||| SWAPPING to +2 hand axe of flaming.
 17698 | Lair:4   | 17698 ||| INVOKING Berserk.
 17700 | Lair:4   | Reached skill level 6 in Throwing
 17708 | Lair:4   | 17708 ||| SWAPPING to +0 vorpal broad axe.
 17998 | Lair:4   | 17998 ||| UPGRADING to +6 scale mail of the Rose {rCorr
                  | Str+6}.
 18008 | Lair:4   | 18008 ||| DROPPING +0 plate armour.
 18009 | Lair:4   | 18009 ||| DROPPING ring of magical power.
 18010 | Lair:4   | 18010 ||| READING scroll labelled XICIAQ MUGOIQUFRI.
 18011 | Lair:4   | 18011 ||| READING 13 scrolls of identify.
 18011 | Lair:4   | 18011 ||| IDENTIFYING glowing yellow potion
 18012 | Lair:4   | 18012 ||| DROPPING potion of invisibility.
 18044 | Lair:5   | Entered Level 5 of the Lair of Beasts
 18065 | Lair:5   | 18065 ||| INVOKING Berserk.
 18073 | Lair:5   | Reached skill level 6 in Dodging
 18093 | Lair:5   | 18093 ||| Stepping ~*~*~tactically~*~*~ (stealth).
 18097 | Lair:5   | 18097 ||| FLEEEEING.
 18098 | Lair:5   | 18098 ||| FLEEEEING.
 18099 | Lair:5   | 18099 ||| FLEEEEING.
 18100 | Lair:5   | 18100 ||| FLEEEEING.
 18101 | Lair:5   | 18101 ||| FLEEEEING.
 18102 | Lair:5   | 18102 ||| FLEEEEING.
 18103 | Lair:5   | 18103 ||| FLEEEEING.
 18104 | Lair:5   | 18104 ||| FLEEEEING.
 18105 | Lair:5   | 18105 ||| STAIRDANCE
 18113 | Lair:5   | 18113 ||| STAIRDANCE
 18115 | Lair:4   | 18115 ||| INVOKING Berserk.
 18240 | Lair:5   | 18240 ||| Stepping ~*~*~tactically~*~*~ (stealth).
 18241 | Lair:5   | 18241 ||| Stepping ~*~*~tactically~*~*~ (stealth).
 18242 | Lair:5   | 18242 ||| INVOKING Berserk.
 18256 | Lair:5   | Reached skill level 14 in Fighting
 18319 | Lair:5   | 18319 ||| INVOKING Berserk.
 18347 | Lair:5   | 18347 ||| Stepping ~*~*~tactically~*~*~ (stealth).
 18353 | Lair:5   | 18353 ||| INVOKING Berserk.
 18491 | Lair:5   | 18491 ||| INVOKING Berserk.
 18667 | Lair:5   | 18667 ||| Stepping ~*~*~tactically~*~*~ (stealth).
 18669 | Lair:5   | 18669 ||| Stepping ~*~*~tactically~*~*~ (stealth).
 18671 | Lair:5   | 18671 ||| INVOKING Berserk.
 18798 | Lair:5   | 18798 ||| Stepping ~*~*~tactically~*~*~ (stealth).
 18811 | Lair:5   | 18811 ||| INVOKING Berserk.
 18827 | Lair:5   | Reached skill level 15 in Fighting
 18842 | Lair:5   | 18842 ||| Stepping ~*~*~tactically~*~*~ (stealth).
 18844 | Lair:5   | 18844 ||| Stepping ~*~*~tactically~*~*~ (stealth).
 18845 | Lair:5   | 18845 ||| Stepping ~*~*~tactically~*~*~ (stealth).
 18902 | Lair:5   | 18902 ||| Stepping ~*~*~tactically~*~*~ (stealth).
 18930 | Lair:5   | 18930 ||| INVOKING Berserk.
 19060 | Lair:5   | 19060 ||| INVOKING Brothers in Arms.
 19061 | Lair:5   | 19061 ||| INVOKING Brothers in Arms.
 19062 | Lair:5   | 19062 ||| INVOKING Brothers in Arms.
 19063 | Lair:5   | 19063 ||| INVOKING Brothers in Arms.
 19064 | Lair:5   | 19064 ||| SWAPPING to +2 hand axe of flaming.
 19065 | Lair:5   | 19065 ||| INVOKING Berserk.
 19070 | Lair:5   | 19070 ||| SWAPPING to +0 vorpal broad axe.
 19143 | Lair:5   | 19143 ||| SWAPPING to +2 hand axe of flaming.
 19144 | Lair:5   | 19144 ||| INVOKING Berserk.
 19151 | Lair:5   | 19151 ||| SWAPPING to +0 vorpal broad axe.
 19283 | Lair:5   | Reached skill level 16 in Fighting
 19311 | Lair:5   | 19311 ||| INVOKING Berserk.
 19516 | Lair:5   | 19516 ||| INVOKING Berserk.
 19679 | Lair:5   | Found a staircase to the Slime Pits.
 19679 | Lair:5   | Found a viscous altar of Jiyva.
 19809 | Lair:5   | 19809 ||| INVOKING Berserk.
 19942 | Lair:5   | Noticed a dire elephant
 19943 | Lair:5   | 19943 ||| Stepping ~*~*~tactically~*~*~ (stealth).
 19945 | Lair:5   | 19945 ||| INVOKING Berserk.
 19955 | Lair:5   | Killed a dire elephant
 19956 | Lair:5   | Reached XP level 14. HP: 137/137 MP: 13/13
 20073 | Lair:5   | 20073 ||| Stepping ~*~*~tactically~*~*~ (hiding).
 20112 | Lair:5   | 20112 ||| Stepping ~*~*~tactically~*~*~ (hiding).
 20115 | Lair:5   | 20115 ||| INVOKING Trog's Hand.
 20224 | Lair:5   | Found a burning altar of Makhleb.
 20225 | Lair:5   | 20225 ||| Stepping ~*~*~tactically~*~*~ (hiding).
 20231 | Lair:5   | 20231 ||| Stepping ~*~*~tactically~*~*~ (hiding).
 20239 | Lair:5   | 20239 ||| INVOKING Berserk.
 20310 | Lair:5   | Found a gateway to Hell.
 20408 | Lair:5   | Identified the +0 rapier of the Genius {drain, Fragile
                  | Str+4 Dex+6}
 20516 | Lair:5   | 20516 ||| Stepping ~*~*~tactically~*~*~ (stealth).
 20518 | Lair:5   | 20518 ||| Stepping ~*~*~tactically~*~*~ (stealth).
 20519 | Lair:5   | 20519 ||| Stepping ~*~*~tactically~*~*~ (stealth).
 20520 | Lair:5   | 20520 ||| Stepping ~*~*~tactically~*~*~ (stealth).
 20521 | Lair:5   | 20521 ||| Stepping ~*~*~tactically~*~*~ (stealth).
 20581 | Lair:5   | 20581 ||| PLANNING D:1-11
 20693 | D:10     | Entered Level 10 of the Dungeon
 20694 | D:10     | 20694 ||| STAIRDANCE
 20707 | D:10     | 20707 ||| STAIRDANCE
 20723 | D:10     | Reached skill level 17 in Fighting
 20724 | D:10     | 20724 ||| STAIRDANCE
 20925 | D:10     | 20925 ||| Stepping ~*~*~tactically~*~*~ (hiding).
 21355 | D:10     | Found a sparkling altar of Nemelex Xobeh.
 21355 | D:10     | Found a transporter.
 21371 | D:10     | 21371 ||| DROPPING scarf of invisibility.
 21372 | D:10     | 21372 ||| READING 2 scrolls labelled BOOLORPH PUIFFE.
 21373 | D:10     | 21373 ||| DROPPING scroll of immolation.
 21590 | D:11     | 21590 ||| Stepping ~*~*~tactically~*~*~ (hiding).
 21592 | D:11     | 21592 ||| Stepping ~*~*~tactically~*~*~ (hiding).
 21703 | D:11     | 21703 ||| Stepping randomly (disturbance).
 21704 | D:11     | 21704 ||| Stepping randomly (disturbance).
 21717 | D:11     | 21717 ||| Stepping ~*~*~tactically~*~*~ (stealth).
 21729 | D:11     | 21729 ||| INVOKING Berserk.
 21896 | D:11     | Found a staircase to the Orcish Mines.
 21985 | D:11     | 21985 ||| Stepping ~*~*~tactically~*~*~ (hiding).
 21988 | D:11     | 21988 ||| Stepping ~*~*~tactically~*~*~ (hiding).
 22108 | D:11     | 22108 ||| PLANNING D
 22121 | D:11     | 22121 ||| Stepping ~*~*~tactically~*~*~ (hiding).
 22122 | D:11     | 22122 ||| Stepping ~*~*~tactically~*~*~ (hiding).
 22319 | D:12     | Reached skill level 18 in Fighting
 22346 | D:12     | Noticed Erolcha
 22347 | D:12     | 22347 ||| INVOKING Trog's Hand.
 22350 | D:12     | 22350 ||| INVOKING Brothers in Arms.
 22352 | D:12     | 22352 ||| INVOKING Berserk.
 22352 | D:12     | Killed Erolcha
 22596 | D:12     | Reached skill level 9 in Dodging
 23002 | D:12     | 23002 ||| READING 16 scrolls of identify.
 23002 | D:12     | 23002 ||| IDENTIFYING fizzy red potion
 23077 | D:13     | 23077 ||| INVOKING Berserk.
 23270 | D:13     | 23270 ||| Stepping ~*~*~tactically~*~*~ (water).
 23277 | D:13     | 23277 ||| INVOKING Brothers in Arms.
 23279 | D:13     | 23279 ||| SWAPPING to +2 hand axe of flaming.
 23280 | D:13     | 23280 ||| INVOKING Berserk.
 23287 | D:13     | 23287 ||| SWAPPING to +0 vorpal broad axe.
 23528 | D:13     | 23528 ||| Stepping ~*~*~tactically~*~*~ (stealth).
 23529 | D:13     | 23529 ||| Stepping ~*~*~tactically~*~*~ (stealth).
 23531 | D:13     | 23531 ||| Stepping ~*~*~tactically~*~*~ (hiding).
 23537 | D:13     | Reached skill level 19 in Fighting
 23659 | D:13     | 23659 ||| INVOKING Berserk.
 23927 | D:13     | 23927 ||| READING scroll of enchant weapon.
 23927 | D:13     | 23927 ||| ENCHANTING +0 vorpal broad axe.
 24398 | D:14     | Noticed Urug
 24398 | D:14     | Found a gate to the Vaults.
 24399 | D:14     | 24399 ||| INVOKING Brothers in Arms.
 24400 | D:14     | 24400 ||| SWAPPING to +2 hand axe of flaming.
 24402 | D:14     | 24402 ||| INVOKING Berserk.
 24417 | D:14     | Killed Urug
 24433 | D:14     | 24433 ||| STAIRDANCE
 24435 | D:13     | 24435 ||| SWAPPING to +1 vorpal broad axe.
 24504 | D:14     | 24504 ||| Stepping ~*~*~tactically~*~*~ (stealth).
 24505 | D:14     | 24505 ||| INVOKING Berserk.
 24663 | D:14     | 24663 ||| Stepping ~*~*~tactically~*~*~ (stealth).
 24670 | D:14     | 24670 ||| INVOKING Berserk.
 24806 | D:14     | 24806 ||| Stepping ~*~*~tactically~*~*~ (hiding).
 24807 | D:14     | 24807 ||| Stepping ~*~*~tactically~*~*~ (hiding).
 24816 | D:14     | Reached XP level 15. HP: 155/155 MP: 14/14
 25002 | D:14     | 25002 ||| READING scroll of enchant weapon.
 25002 | D:14     | 25002 ||| ENCHANTING +1 vorpal broad axe.
 25005 | D:14     | 25005 ||| SWAPPING to +2 hand axe of flaming.
 25012 | D:14     | 25012 ||| SWAPPING to +2 vorpal broad axe.
 25058 | D:14     | Noticed Louise
 25059 | D:14     | 25059 ||| INVOKING Trog's Hand.
 25060 | D:14     | 25060 ||| INVOKING Berserk.
 25069 | D:14     | Killed Louise
 25245 | D:14     | 25245 ||| Stepping ~*~*~tactically~*~*~ (stealth).
 25278 | D:14     | 25278 ||| FLEEEEING.
 25279 | D:14     | 25279 ||| FLEEEEING.
 25280 | D:14     | 25280 ||| FLEEEEING.
 25281 | D:14     | 25281 ||| FLEEEEING.
 25282 | D:14     | 25282 ||| FLEEEEING.
 25288 | D:14     | 25288 ||| FLEEEEING.
 25289 | D:14     | 25289 ||| FLEEEEING.
 25290 | D:14     | 25290 ||| FLEEEEING.
 25291 | D:14     | 25291 ||| FLEEEEING.
 25292 | D:14     | 25292 ||| FLEEEEING.
 25293 | D:14     | 25293 ||| FLEEEEING.
 25294 | D:14     | 25294 ||| FLEEEEING.
 25295 | D:14     | 25295 ||| FLEEEEING.
 25296 | D:14     | 25296 ||| FLEEEEING.
 25297 | D:14     | 25297 ||| FLEEEEING.
 25298 | D:14     | 25298 ||| FLEEEEING.
 25299 | D:14     | 25299 ||| FLEEEEING.
 25300 | D:14     | 25300 ||| FLEEEEING.
 25301 | D:14     | 25301 ||| FLEEEEING.
 25302 | D:14     | 25302 ||| FLEEEEING.
 25303 | D:14     | 25303 ||| FLEEEEING.
 25304 | D:14     | 25304 ||| FLEEEEING.
 25305 | D:14     | 25305 ||| FLEEEEING.
 25306 | D:14     | 25306 ||| FLEEEEING.
 25317 | D:14     | 25317 ||| FLEEEEING.
 25318 | D:14     | 25318 ||| FLEEEEING.
 25323 | D:14     | 25323 ||| FLEEEEING.
 25324 | D:14     | 25324 ||| FLEEEEING.
 25325 | D:14     | 25325 ||| FLEEEEING.
 25326 | D:14     | 25326 ||| FLEEEEING.
 25327 | D:14     | 25327 ||| FLEEEEING.
 25328 | D:14     | 25328 ||| FLEEEEING.
 25329 | D:14     | 25329 ||| FLEEEEING.
 25330 | D:14     | 25330 ||| FLEEEEING.
 25348 | D:14     | 25348 ||| INVOKING Berserk.
 25510 | D:14     | 25510 ||| Stepping ~*~*~tactically~*~*~ (water).
 25524 | D:14     | Reached skill level 9 in Throwing
 25733 | D:14     | 25733 ||| UPGRADING to +2 plate armour of poison
                  | resistance.
 25743 | D:14     | 25743 ||| UPGRADING to +0 tower shield.
 25752 | D:15     | Entered Level 15 of the Dungeon
 25777 | D:15     | 25777 ||| INVOKING Berserk.
 25782 | D:15     | Reached skill level 1 in Shields
 25788 | D:15     | 25788 ||| FLEEEEING.
 25789 | D:15     | 25789 ||| FLEEEEING.
 25794 | D:15     | 25794 ||| FLEEEEING.
 25795 | D:15     | 25795 ||| FLEEEEING.
 25796 | D:15     | 25796 ||| FLEEEEING.
 25797 | D:15     | 25797 ||| FLEEEEING.
 25798 | D:15     | 25798 ||| FLEEEEING.
 25799 | D:15     | 25799 ||| FLEEEEING.
 25800 | D:15     | 25800 ||| FLEEEEING.
 25801 | D:15     | 25801 ||| STAIRDANCE
 25941 | D:15     | 25941 ||| INVOKING Berserk.
 26077 | D:15     | Found a transporter.
 26084 | D:15     | Noticed qw's ghost (journeyman MiBe)
 26093 | D:15     | 26093 ||| Stepping ~*~*~tactically~*~*~ (hiding).
 26098 | D:15     | 26098 ||| Stepping ~*~*~tactically~*~*~ (hiding).
 26099 | D:15     | 26099 ||| INVOKING Berserk.
 26103 | D:15     | Reached skill level 3 in Shields
 26272 | D:15     | 26272 ||| Stepping ~*~*~tactically~*~*~ (hiding).
 26273 | D:15     | 26273 ||| Stepping ~*~*~tactically~*~*~ (hiding).
 26426 | D:15     | 26426 ||| INVOKING Brothers in Arms.
 26428 | D:15     | 26428 ||| SWAPPING to +2 hand axe of flaming.
 26431 | D:15     | 26431 ||| SWAPPING to +2 vorpal broad axe.
 26612 | D:15     | 26612 ||| Stepping ~*~*~tactically~*~*~ (hiding).
 26613 | D:15     | 26613 ||| Stepping ~*~*~tactically~*~*~ (hiding).
 26614 | D:15     | 26614 ||| Stepping ~*~*~tactically~*~*~ (hiding).
 26693 | D:15     | Found a transporter.
 26711 | D:15     | Found a bloodstained altar of Trog.
 26743 | D:15     | 26743 ||| DRINKING potion of cancellation.
 26851 | D:15     | 26851 ||| INVOKING Berserk.
 26857 | D:15     | Reached skill level 6 in Shields
 26913 | D:15     | Found a staircase to the Depths.
 27002 | D:15     | Noticed a fire giant
 27011 | D:15     | Killed a fire giant
 27087 | D:15     | 27087 ||| PLANNING ORC
 27087 | D:15     | 27087 ||| DROPPING ring of protection from cold.
 27088 | D:15     | 27088 ||| DROPPING ring of resist corrosion.
 27249 | Orc:1    | Entered Level 1 of the Orcish Mines
 27251 | Orc:1    | Noticed an orc warlord
 27252 | Orc:1    | 27252 ||| INVOKING Trog's Hand.
 27253 | Orc:1    | 27253 ||| INVOKING Brothers in Arms.
 27254 | Orc:1    | 27254 ||| INVOKING Brothers in Arms.
 27255 | Orc:1    | 27255 ||| INVOKING Brothers in Arms.
 27260 | Orc:1    | 27260 ||| INVOKING Berserk.
 27278 | Orc:1    | Killed an orc warlord
 27279 | Orc:1    | Reached skill level 9 in Shields
 27285 | Orc:1    | 27285 ||| INVOKING Brothers in Arms.
 27415 | Orc:1    | Found Pelax's Jewellery Shop.
 27470 | Orc:1    | 27470 ||| BUYING ring of fire (325 gold).
 27470 | Orc:1    | Bought a ring of fire for 325 gold pieces
 27470 | Orc:1    | 27470 ||| BUYING ring of poison resistance (260 gold).
 27470 | Orc:1    | Bought a ring of poison resistance for 260 gold pieces
 27715 | Orc:2    | Entered Level 2 of the Orcish Mines
 27724 | Orc:2    | Found a staircase to the Elven Halls.
 27724 | Orc:2    | Found Qyaneirph's Antique Armour Shoppe.
 27724 | Orc:2    | Found Dumn's Jewellery Emporium.
 27726 | Orc:2    | Found a radiant altar of Vehumet.
 27728 | Orc:2    | 27728 ||| INVOKING Berserk.
 27793 | Orc:2    | 27793 ||| INVOKING Trog's Hand.
 27794 | Orc:2    | Noticed an orc warlord
 27795 | Orc:2    | 27795 ||| INVOKING Brothers in Arms.
 27797 | Orc:2    | 27797 ||| INVOKING Berserk.
 27805 | Orc:2    | Killed an orc warlord
 27826 | Orc:2    | 27826 ||| INVOKING Brothers in Arms.
 27997 | Orc:2    | 27997 ||| BUYING ring "Atorpheo" {Ice rN+ SInv} (606 gold).
 27997 | Orc:2    | Bought the ring "Atorpheo" {Ice rN+ SInv} for 606 gold
                  | pieces
 27997 | Orc:2    | 27997 ||| BUYING ring of poison resistance (300 gold).
 27997 | Orc:2    | Bought a ring of poison resistance for 300 gold pieces
 28022 | Orc:2    | 28022 ||| INVOKING Berserk.
 28155 | Orc:2    | Found Gotinyv's Antique Weapon Shoppe.
 28298 | Orc:2    | Found Ulucarorud's General Store.
 28313 | Orc:2    | 28313 ||| BUYING amulet of reflection (420 gold).
 28313 | Orc:2    | Bought an amulet of reflection for 420 gold pieces
 28313 | Orc:2    | 28313 ||| BUYING potion of curing (42 gold).
 28313 | Orc:2    | Bought a potion of curing for 42 gold pieces
 28313 | Orc:2    | 28313 ||| BUYING potion of heal wounds (70 gold).
 28313 | Orc:2    | Bought a potion of heal wounds for 70 gold pieces
 28370 | Orc:2    | 28370 ||| UPGRADING to amulet of reflection.
 28380 | Orc:2    | 28380 ||| DROPPING amulet of regeneration.
 28381 | Orc:2    | 28381 ||| UPGRADING to ring "Atorpheo" {Ice rN+ SInv}.
 28478 | Orc:1    | Received a gift from Trog
 28623 | Orc:1    | 28623 ||| PLANNING SPIDER:1-3
 28845 | Spider:1 | Entered Level 1 of the Spider Nest
 28856 | Spider:1 | 28856 ||| Stepping ~*~*~tactically~*~*~ (stealth).
 28857 | Spider:1 | 28857 ||| Stepping ~*~*~tactically~*~*~ (stealth).
 28874 | Spider:1 | 28874 ||| Stepping ~*~*~tactically~*~*~ (stealth).
 28886 | Spider:1 | 28886 ||| Stepping ~*~*~tactically~*~*~ (stealth).
 28890 | Spider:1 | 28890 ||| Stepping ~*~*~tactically~*~*~ (stealth).
 28892 | Spider:1 | 28892 ||| INVOKING Berserk.
 28904 | Spider:1 | 28904 ||| INVOKING Brothers in Arms.
 28905 | Spider:1 | 28905 ||| INVOKING Brothers in Arms.
 28907 | Spider:1 | HP: 35/155 [demonic crawler (6)]
 28908 | Spider:1 | Reached skill level 12 in Shields
 28908 | Spider:1 | 28908 ||| READING 3 scrolls of teleportation.
 28909 | Spider:1 | 28909 ||| DRINKING 4 potions of heal wounds.
 28912 | Spider:1 | 28912 ||| INVOKING Brothers in Arms.
 28912 | Spider:1 | HP: 38/155 [wolf spider (16)]
 28913 | Spider:1 | 28913 ||| READING 2 scrolls of teleportation.
 28913 | Spider:1 | HP: 6/155 [wolf spider (13)]
 28914 | Spider:1 | 28914 ||| DRINKING 3 potions of heal wounds.
 28915 | Spider:1 | 28915 ||| DRINKING 2 potions of heal wounds.
 28916 | Spider:1 | 28916 ||| DRINKING potion of heal wounds.
 28917 | Spider:1 | 28917 ||| READING scroll of teleportation.
 28918 | Spider:1 | HP: 19/155 [tarantella (9)]
 28934 | Spider:1 | HP: 23/155 [culicivora (2)]
 28937 | Spider:1 | HP: 4/155 [spark wasp (14)]
 28937 | Spider:1 | Slain by a spark wasp

Levels and vault maps discovered:
D:1:      beargit_arrival_greenhouse, layout_loops_corners
D:2:      layout_loops_cross, dreamdust_ecumenical_altar_drowned_temple,
          basic_altar, uniq_robin
D:3:      minmay_skewed_foursquare, layout_basic, serial_shops, shop,
          shop_statue, shop, kennysheep_generic_room_14, uniq_grinder,
          uniq_ijyb, uniq_sigmund, uniq_pargi, uniq_terence
D:4:      minmay_chambers_of_twos, layout_cave_pools, serial_shops,
          nicolae_shop_behind_doors, grunt_decor_mini_mirrors, minmay_vboxes
D:5:      lemuel_ice_spiral_2, layout_basic, kennysheep_little_box,
          guppyfry_early_lair_pool, uniq_pikel
D:6:      layout_rooms, nicolae_kikubaaqudgha_miasma_corner,
          mainiacjoe_overflow_alcove_4, temple_statues,
          nicolae_ossuary_entry_ruins, uniq_prince_ribbit1
D:7:      layout_basic, kennysheep_generic_room_15, uniq_crazy_yiuf_cottage
D:8:      layout_rooms, special_room [special_room_orc]
D:9:      layout_long_grid, mainiacjoe_overflow_six_doors_small, minitemple,
          grunt_lair_entry_orc_guard_hut
D:10:     layout_small_grid, grunt_nemelex_the_gamble
D:11:     layout_small_grid, david_orc_4, roderic_roman_lattice
D:12:     layout_small_grid, uniq_erolcha
D:13:     layout_basic, minmay_misc_feat_diagonals, kennysheep_generic_room_5
D:14:     layout_loops_ring, david_vaults_3, serial_bayou_pond_b, uniq_louise
D:15:     grunt_enter_depths_hoard, layout_basic,
          gammafunk_ghost_wrathful_warriors, minmay_evil_grid
Lair:1:   layout_chaotic_city, ebering_ghost_disaster_area
Lair:2:   layout_regular_city, lemuel_fruit_fields
Lair:3:   layout_roguey, minmay_shoals_entry_hut,
          nicolae_spider_entry_non_spiders, gauntlet_entry_generic,
          enter_volcano_2, st_stairs_4
Lair:4:   layout_regular_city, minmay_lair_oklob_bushes, serial_bayou_shore_b,
          lemuel_fruit_tree
Lair:5:   evil_forest, layout_small_grid, slime_entry_1
Spider:1: layout_spider_delve, nicolae_spider_swamp_cousins
Orc:1:    layout_diamond_mine, serial_shops, nicolae_shop_trees
Orc:2:    grunt_orc_gardens, layout_diamond_mine, grunt_orc_garden,
          grunt_orc_garden, grunt_orc_garden, grunt_orc_garden, basic_altar

Skill      XL: |  1  2  3  4  5  6  7  8  9 10 11 12 13 14 15 |
---------------+----------------------------------------------+-----
Axes           | 4 5 6 7 9 10 11 14 17 18 | 18.0
Fighting       | 4 5 8 10 13 16 19 | 19.7
Armour         | 4 6 9 10 12 13 | 13.0
Throwing       | 1 2 4 5 6 7 9 |  9.0
Dodging        | 3 5 7 9 |  9.1
Shields        | 12 | 12.1

Action                   |  1- 3 |  4- 6 |  7- 9 | 10-12 | 13-15 || total
-------------------------+-------+-------+-------+-------+-------++-------
Melee: Hand axe          |   102 |    51 |    76 |   122 |    48 ||   399
       Headbutt          |    14 |     9 |    47 |    97 |   178 ||   345
       Punch             |     1 |     1 |     6 |     7 |     9 ||    24
       War axe           |       |       |   245 |    17 |       ||   262
       Broad axe         |       |       |       |   337 |   764 ||  1101
Throw: Boomerang         |       |       |    95 |   101 |    63 ||   259
       Javelin           |       |       |       |    13 |    29 ||    42
Invok: Berserk           |     1 |     3 |    11 |    28 |    37 ||    80
       Trog's Hand       |       |     1 |       |       |     5 ||     6
       Brothers in Arms  |       |       |       |     3 |    13 ||    16
  Use: Scroll            |     4 |       |    15 |    11 |     9 ||    39
       Potion            |       |       |     2 |     2 |     5 ||     9
 Stab: Distracted        |       |       |       |       |     1 ||     1
Armor: Animal skin       |     8 |       |       |       |       ||     8
       Chain mail        |    28 |    38 |   176 |    47 |       ||   289
       Plate armour      |       |       |       |   143 |   206 ||   349
       Scale mail        |       |       |       |       |   291 ||   291
Dodge: Dodged            |    40 |    23 |   139 |   199 |   456 ||   857
Block: Tower shield      |       |       |       |       |   272 ||   272

Table legend:
 A = Non-vault XP
 B = Vault XP
 C = Vault XP percentage of total XP
 D = Non-vault monster count
 E = Vault monster count
 F = Vault count percentage of total count
                 A         B        C        D         E       F
            +---------+---------+-------+---------+---------+-------
      Total |  102187 |   48545 |  32.2 |     527 |     207 |  28.2
            +---------+---------+-------+---------+---------+-------
        D:1 |      27 |       0 |   0.0 |      15 |       0 |   0.0
        D:2 |      46 |      36 |  43.9 |      18 |      12 |  40.0
        D:3 |      34 |     742 |  95.6 |      12 |      10 |  45.5
        D:4 |     297 |      80 |  21.2 |      23 |      16 |  41.0
        D:5 |     460 |     668 |  59.2 |      12 |       4 |  25.0
        D:6 |    1428 |     268 |  15.8 |      27 |       1 |   3.6
        D:7 |     921 |      80 |   8.0 |      30 |       2 |   6.2
        D:8 |    1302 |     364 |  21.8 |      23 |      26 |  53.1
        D:9 |    4804 |     559 |  10.4 |      20 |       5 |  20.0
       D:10 |    2782 |       0 |   0.0 |      12 |       0 |   0.0
       D:11 |    4302 |     625 |  12.7 |      20 |      15 |  42.9
       D:12 |    4712 |     834 |  15.0 |      12 |       1 |   7.7
       D:13 |    7358 |    1054 |  12.5 |      14 |       2 |  12.5
       D:14 |    9474 |    9391 |  49.8 |      21 |      26 |  55.3
       D:15 |    7653 |    8106 |  51.4 |      29 |      11 |  27.5
     Lair:1 |    5292 |       0 |   0.0 |      15 |       0 |   0.0
     Lair:2 |    5387 |       0 |   0.0 |      25 |       0 |   0.0
     Lair:3 |    2920 |     591 |  16.8 |      11 |       9 |  45.0
     Lair:4 |   11415 |     557 |   4.7 |      42 |       1 |   2.3
     Lair:5 |   18312 |   10374 |  36.2 |      46 |      26 |  36.1
   Spider:1 |    5055 |       0 |   0.0 |      14 |       0 |   0.0
      Orc:1 |    5707 |       0 |   0.0 |      55 |       0 |   0.0
      Orc:2 |    2499 |    9448 |  79.1 |      31 |      27 |  46.6
   Gauntlet |       0 |    4768 | 100.0 |       0 |      13 | 100.0
            +---------+---------+-------+---------+---------+-------
